 Dungeon Crawl Stone Soup version 0.20.1-1-g8b1a95d (webtiles) character file.

32861 Linguinho the Thrower (level 13, -10/96 HPs)
             Began as a Demonspawn Berserker on Oct 29, 2017.
             Was a Priest of Trog.
             Mangled by an alligator snapping turtle (31 damage)
             ... on level 1 of the Shoals.
             The game lasted 01:14:23 (20475 turns).

Linguinho the Thrower (Demonspawn Berserker)       Turns: 20475, Time: 01:14:23

Health: -10/96     AC: 19    Str: 26    XL:     13   Next: 33%
Magic:  13/13      EV: 14    Int:  9    God:    Trog [***...]
Gold:   534        SH:  4    Dex: 14    Spells: 12/12 levels left

rFire    + . .     SeeInvis .     - Unarmed
rCold    + . .     Gourm    .   (no shield)
rNeg     . . .     Faith    .   c - +3 scale mail
rPois    .         Spirit   .   t - +1 hat
rElec    +         Reflect  +   (no cloak)
rCorr    .         Harm     .   X - +0 pair of gloves
MR       .....                  K - +0 pair of boots
Stlth    ..........             q - +4 amulet of reflection
Regen    0.3/turn               T - +3 ring of strength
MPRegen  0.2/turn               y - ring of Incredulity {rElec rC+ Str+2}

@: berserk cooldown, slowed, very slow
A: claws 2, molten scales 3, blink, foul stench 1, sense surroundings 1, spiny
2, rot immunity
a: Blink, Berserk, Trog's Hand, Burn Spellbooks, Renounce Religion


You were on level 1 of the Shoals.
You worshipped Trog.
Trog was most pleased with you.
You were not hungry.

You visited 3 branches of the dungeon, and saw 15 of its levels.
You also visited: Labyrinth.

You collected 914 gold pieces.
You spent 380 gold pieces at shops.

Inventory:

Hand Weapons
 L - a +6 fustibalus of flaming
 V - a +4 battleaxe of venom
Missiles
 e - 5 poisoned javelins
 M - a poisoned tomahawk
 N - 257 stones
 W - 5 tomahawks (quivered)
Armour
 c - a +3 scale mail (worn)
 t - a +1 hat (worn)
 K - a +0 pair of boots (worn)
 X - a +0 pair of gloves (worn)
Jewellery
 q - a +4 amulet of reflection (around neck)
 y - the ring of Incredulity (right hand) {rElec rC+ Str+2}
   (You found it in a labyrinth)

   [ring of protection from cold]

   It affects your strength (+2).
   It protects you from cold.
   It insulates you from electricity.
 T - a +3 ring of strength (left hand)
Wands
 b - a wand of scattershot (6/9)
 j - a wand of lightning (3/15)
 u - a wand of disintegration (7/24)
 v - a wand of flame (5/48)
 G - a wand of iceblast (0/15)
 H - a wand of clouds (5/9)
 S - a wand of acid (4/15)
Scrolls
 f - a scroll of fog {unknown}
 i - 7 scrolls of remove curse
 o - 7 scrolls of teleportation
 p - 4 scrolls of enchant armour
 x - 7 scrolls of blinking
 I - a scroll of torment {unknown}
 P - a scroll of silence {unknown}
 Q - a scroll of summoning {unknown}
 R - 3 scrolls of identify
 Y - 3 scrolls of magic mapping
 Z - a scroll of fear {unknown}
Potions
 a - 3 potions of curing
 h - 3 potions of agility {unknown}
 k - 2 potions of mutation {unknown}
 l - 3 potions of cancellation
 r - 6 potions of lignification {unknown}
 s - a potion of haste {unknown}
 w - a potion of heal wounds {unknown}
 z - a potion of flight {unknown}
 A - a potion of resistance {unknown}
 C - 2 potions of degeneration {unknown}
 J - 2 potions of brilliance {unknown}
 O - a potion of might {unknown}
Miscellaneous
 n - a fan of gales (inert)
Comestibles
 d - 6 fruits
 g - 7 royal jellies
 B - 8 meat rations


   Skills:
 + Level 7.3 Fighting
 * Level 4.7(7.3) Axes
   Level 8.8(9.3) Maces & Flails
 + Level 2.0(6.5) Slings
 + Level 9.8(9.9) Throwing
 * Level 9.5 Armour
 * Level 7.2 Dodging
 - Level 1.0 Stealth
 - Level 9.4 Unarmed Combat


You had 12 spell levels left.
You didn't know any spells.

Dungeon Overview and Level Annotations

Branches:
Dungeon (11/15)            Temple (0/1) D:6            Lair (3/6) D:11
 Shoals (1/4) Lair:3          Orc (0/2) D:11
  Snake: Lair:2-4    Spider: Lair:2-4

Altars:
Ashenzari
Elyvilon
Kikubaaqudgha
Nemelex Xobeh
Trog
Uskayaw
Vehumet
Xom
The Shining One
Beogh

Shops:
D:4 [[}(%   D:8 ?

Annotations:
D:5 Linguinho's ghost, weakling DsAs


Innate Abilities, Weirdness & Mutations

You have very sharp fingernails.
You are completely covered in molten scales. (AC +4, rF+)
You may emit foul miasma when damaged in melee.
You are mostly covered in sharp spines.
You are immune to rotting.
You can translocate small distances at will.
You passively map a small area around you.


Message History

You hit the alligator snapping turtle.
The alligator snapping turtle is moderately wounded.
You punch the alligator snapping turtle!
The alligator snapping turtle is heavily wounded.
The alligator snapping turtle is engulfed in dark miasma.
The alligator snapping turtle looks even sicker.
The alligator snapping turtle seems to slow down.
The alligator snapping turtle is struck by your spines.
The alligator snapping turtle bites you!
* * * LOW HITPOINT WARNING * * *
You feel a strong urge to attack something.
You are no longer berserk.
You are exhausted.
You feel yourself slow down.
The alligator snapping turtle is no longer moving slowly.
You enter the shallow water.
Moving in this stuff is going to be slow.
The alligator snapping turtle looks more healthy.
The alligator snapping turtle bites you from afar!!
You die...

≈≈≈≈≈≈≈≈≈.####.≈≈≈≈≈.....≈≈≈≈≈≈≈≈
≈≈≈≈≈≈≈...# #..≈....###..≈≈≈≈≈≈≈
≈..≈......# ##..≈....# #..≈≈≈≈≈≈
≈......#### #...(...)# #.≈≈≈≈≈≈
..≈≈..## #..≈≈....#### .≈≈≈≈≈≈
..≈...# #..≈).......###≈≈≈≈≈≈
......# ####...........≈≈≈≈≈≈≈≈
......# #............(..≈≈≈≈≈≈≈
≈....## #..≈≈.@.....##...≈≈≈≈≈≈
≈≈.>## ##.≈≈≈....######).≈≈≈≈≈≈
.....# #..≈≈..t."# ##...≈≈≈≈≈≈≈
.....# ##....≈....###.#..≈≈≈≈≈≈≈
....≈..##..≈≈..≈...##......≈≈≈≈≈≈
≈≈≈≈≈≈....≈≈≈..≈...)......≈≈≈≈≈≈≈
..≈≈≈≈.≈≈≈≈≈≈....≈≈..≈≈...≈≈≈≈≈≈≈
≈≈≈≈≈≈≈≈≈≈≈≈........≈≈≈≈...≈≈≈≈≈≈
≈≈≈≈≈≈≈≈≈≈≈≈..#.....≈≈.≈..≈≈≈≈≈≈≈


You could see an alligator snapping turtle.

Vanquished Creatures
  2 merfolk impalers (Shoals:1)
  A minotaur (Lab)
  Harold (D:11)
  Erica (D:9)
  3 two-headed ogres
  Urug (D:11)
  2 sea snakes (Shoals:1)
  An unseen horror (D:10)
  2 ugly things
  A faun (Shoals:1)
  2 oklob plants (Lair:3)
  6 manticores (Shoals:1)
  3 cyclopes
  Maurice (D:9)
  A merfolk siren (Lair:3)
  2 gargoyles (D:10)
  2 black mambas
  2 water nymphs (Shoals:1)
  Psyche (D:11)
  A rime drake (Lair:1)
  6 spiny frogs
  2 komodo dragons
  2 merfolk (Shoals:1)
  A troll (D:9)
  The ghost of Thjof the Slasher, an amateur DrAK of Lugonu (D:3)
  6 hippogriffs
  4 dream sheep (Shoals:1)
  A snapping turtle (Shoals:1)
  A shadow (D:11)
  10 yaks
  A hungry ghost (D:11)
  Menkaure (D:4)
  2 hell hounds (D:11)
  Duvessa (D:7)
  5 water moccasins
  4 porcupines
  6 sky beasts
  14 orc warriors
  2 ice beasts
  3 black bears
  2 necrophages
  5 ogres
  3 phantoms
  5 wolves (Lair:2)
  4 crocodiles
  6 centaurs
  4 big kobolds
  9 bullfrogs
  Dowan (D:7)
  2 water moccasin zombies
  7 scorpions
  8 killer bees (D:11)
  10 wights
  3 howler monkeys
  4 crimson imps
  2 bullfrog zombies (D:5)
  2 quasits
  A centaur zombie (D:11)
  6 jellies
  9 orc priests
  3 bullfrog skeletons
  6 hounds
  10 orc wizards
  3 centaur skeletons
  7 iguanas
  8 worker ants
  2 hound zombies
  A hound skeleton (D:7)
  A worker ant zombie (D:7)
  16 adders
  2 shadow imps
  An ooze (D:5)
  An adder skeleton (D:4)
  3 adder zombies
  A worm (D:2)
  3 dart slugs
  5 leopard geckos
  74 orcs
  4 giant cockroaches
  3 hobgoblins (D:2)
  13 jackals
  5 quokkas
  A ball python (D:1)
  4 bats
  4 frilled lizards
  11 goblins
  A jackal skeleton (D:5)
  27 kobolds
  5 rats
  A fungus (Lair:2)
  A plant (Lair:3)
429 creatures vanquished.

Vanquished Creatures (others)
  5 dream sheep (D:6)
  A sky beast (D:11)
  An orc priest (D:11)
  A fungus (Lair:3)
8 creatures vanquished.

Grand Total: 437 creatures vanquished

Notes
Turn   | Place    | Note
-------+----------+-------------------------------------------
     0 | D:1      | Linguinho the Demonspawn Berserker began the quest for the Orb.
     0 | D:1      | Reached XP level 1. HP: 18/18 MP: 1/1
   518 | D:1      | Gained mutation: You have sharp fingernails. [demonic ancestry]
   518 | D:1      | Reached XP level 2. HP: 24/24 MP: 2/2
   834 | D:2      | Gained mutation: You are partially covered in sharp spines. [demonic ancestry]
   834 | D:2      | Reached XP level 3. HP: 19/29 MP: 3/3
  1109 | D:2      | Found a bloodstained altar of Trog.
  1152 | D:2      | Reached XP level 4. HP: 32/35 MP: 4/4
  1184 | D:2      | Reached ** piety under Trog
  1684 | D:3      | Noticed Thjof's ghost (amateur DrAK)
  1698 | D:3      | HP: 1/55 [Thjof's ghost (7)]
  1996 | D:3      | Killed Thjof's ghost
  1996 | D:3      | Reached skill level 5 in Unarmed Combat
  1996 | D:3      | Gained mutation: You are immune to rotting. [demonic ancestry]
  1996 | D:3      | Reached XP level 5. HP: 42/42 MP: 5/5
  1996 | D:3      | Reached XP level 6. HP: 48/48 MP: 6/6
  2289 | D:3      | Reached *** piety under Trog
  2537 | D:4      | Reached skill level 1 in Throwing
  2537 | D:4      | Gained mutation: You are mostly covered in sharp spines. [demonic ancestry]
  2537 | D:4      | Reached XP level 7. HP: 22/54 MP: 7/7
  2831 | D:4      | Found Neuckeb's Food Shop.
  2831 | D:4      | Found Qeicer's Weapon Shop.
  2849 | D:4      | Bought a bread ration for 65 gold pieces
  2917 | D:4      | Noticed Menkaure
  2924 | D:4      | Killed Menkaure
  3063 | D:4      | Found Sofomn's Antique Armour Emporium.
  3246 | D:4      | Found Wuthreurgh's Gadget Shoppe.
  3258 | D:4      | Found Keotzy's Armour Shoppe.
  3285 | D:4      | Bought a glowing ring mail for 147 gold pieces
  3339 | D:4      | Found a bloodstained altar of Trog.
  3343 | D:4      | Found a radiant altar of Vehumet.
  3343 | D:4      | Found a white marble altar of Elyvilon.
  3370 | D:4      | Found a hide-covered altar of Uskayaw.
  3373 | D:4      | Found an ancient bone altar of Kikubaaqudgha.
  3594 | D:4      | You fall through a shaft!
  3594 | D:5      | Entered Level 5 of the Dungeon
  3873 | D:5      | Reached **** piety under Trog
  3893 | D:5      | Noticed Linguinho's ghost (weakling DsAs)
  3906 | D:5      | Reached XP level 8. HP: 16/60 MP: 8/8
  4457 | D:5      | Reached skill level 1 in Stealth
  4625 | D:6      | Found a staircase to the Ecumenical Temple.
  5282 | D:6      | Found a shimmering altar of Xom.
  5282 | D:6      | Noticed a dream sheep
  5282 | D:6      | Noticed a dream sheep
  5282 | D:6      | Noticed a dream sheep
  5282 | D:6      | Noticed a dream sheep
  5282 | D:6      | Noticed a dream sheep
  5288 | D:6      | Killed a dream sheep
  5288 | D:6      | Killed a dream sheep
  5288 | D:6      | Killed a dream sheep
  5288 | D:6      | Killed a dream sheep
  5291 | D:6      | Killed a dream sheep
  5778 | D:7      | Reached skill level 5 in Armour
  5778 | D:7      | Gained mutation: You are partially covered in molten scales. (AC +2) [demonic ancestry]
  5778 | D:7      | Reached XP level 9. HP: 45/66 MP: 9/9
  6136 | D:7      | Found a shattered altar of Ashenzari.
  6300 | D:7      | Noticed Duvessa
  6301 | D:7      | Noticed Dowan
  6310 | D:7      | Killed Duvessa
  6314 | D:7      | Killed Dowan
  6332 | D:7      | Found a glowing golden altar of the Shining One.
  6494 | D:7      | Found a sparkling altar of Nemelex Xobeh.
  7084 | D:8      | Found Qopiol Luda's Magic Scroll Shoppe.
  7259 | D:8      | Reached ***** piety under Trog
  7269 | D:8      | Bought a scroll of enchant armour for 120 gold pieces
  7269 | D:8      | Bought a scroll of remove curse for 48 gold pieces
  7298 | D:8      | Reached skill level 5 in Fighting
  7534 | D:8      | Gained mutation: You may emit foul miasma when damaged in melee. [demonic ancestry]
  7534 | D:8      | Reached XP level 10. HP: 74/74 MP: 10/10
  7562 | D:8      | Reached skill level 5 in Throwing
  8936 | D:9      | Noticed a purple ugly thing
  8946 | D:9      | Killed a purple ugly thing
  8946 | D:9      | Reached skill level 1 in Maces & Flails
  9232 | D:9      | Noticed a two-headed ogre
  9234 | D:9      | Noticed Erica
  9241 | D:9      | Killed a two-headed ogre
  9244 | D:9      | Killed Erica
  9663 | D:9      | Noticed Maurice
  9779 | D:9      | Killed Maurice
  9779 | D:9      | Reached skill level 5 in Dodging
  9801 | D:9      | Reached skill level 5 in Maces & Flails
  9912 | D:9      | Received a gift from Trog
  9973 | D:9      | Gained mutation: You have very sharp fingernails. [demonic ancestry]
  9973 | D:9      | Reached XP level 11. HP: 35/80 MP: 2/11
 10547 | D:9      | Received a gift from Trog
 10630 | D:10     | Entered Level 10 of the Dungeon
 10710 | D:10     | Noticed a two-headed ogre
 10717 | D:10     | Killed a two-headed ogre
 11013 | D:10     | Gained mutation: You passively map a small area around you. [mutagenic meat]
 11015 | D:10     | Gained mutation: You can translocate small distances at will. [mutagenic meat]
 11740 | D:10     | Killed an unseen horror
 12007 | D:11     | Noticed a purple ugly thing
 12008 | D:11     | Noticed Psyche
 12021 | D:11     | Killed a purple ugly thing
 12025 | D:11     | Paralysed by something for 2 turns
 12028 | D:11     | Killed Psyche
 12356 | D:10     | HP: 4/81 [gargoyle/flail (7)]
 12739 | D:11     | Noticed a two-headed ogre
 12739 | D:11     | Found a roughly hewn altar of Beogh.
 12739 | D:11     | Found a staircase to the Orcish Mines.
 12748 | D:11     | Killed a two-headed ogre
 13160 | D:11     | Received a gift from Trog
 13270 | D:11     | Found a staircase to the Lair.
 13302 | D:11     | Reached skill level 1 in Slings
 13599 | D:11     | Noticed Urug
 13612 | D:11     | Killed Urug
 13612 | D:11     | Gained mutation: You are mostly covered in molten scales. (AC +3) [demonic ancestry]
 13612 | D:11     | Reached XP level 12. HP: 59/89 MP: 7/12
 14537 | D:11     | Noticed Harold
 14550 | D:11     | Killed Harold
 14642 | Lair:1   | Entered Level 1 of the Lair of Beasts
 14919 | Lair:1   | Found a labyrinth entrance.
 14929 | Lab      | Entered a labyrinth
 15005 | Lab      | Noticed a minotaur
 15014 | Lab      | Killed a minotaur
 15026 | Lab      | Identified the Volume of Dislocation and Talismans
 15027 | Lab      | Got a shimmering marble ring
 15372 | Lair:1   | Identified the ring of Incredulity {rElec rC+ Str+2} (You found it in a labyrinth)
 15556 | Lair:1   | Reached skill level 1 in Axes
 17129 | Lair:3   | Received a gift from Trog
 18224 | Lair:3   | Found a staircase to the Shoals.
 18554 | Shoals:1 | Entered Level 1 of the Shoals
 18981 | Shoals:1 | Gained mutation: You are completely covered in molten scales. (AC +4, rF+) [demonic ancestry]
 18981 | Shoals:1 | Reached XP level 13. HP: 96/96 MP: 13/13
 19106 | Shoals:1 | HP: 2/144 [drowned by a water nymph (13)]
 19687 | Shoals:1 | Noticed a merfolk impaler
 19701 | Shoals:1 | Killed a merfolk impaler
 19964 | Shoals:1 | Noticed a merfolk impaler
 19986 | Shoals:1 | Killed a merfolk impaler
 20064 | Shoals:1 | HP: 7/144 [poisoned by a sea snake]
 20475 | Shoals:1 | Mangled by an alligator snapping turtle

Skill      XL: |  1  2  3  4  5  6  7  8  9 10 11 12 13 |
---------------+----------------------------------------+-----
Unarmed Combat | 3 5 6 7 9 |  9.4
Dodging        | 2 3 4 5 6 7 |  7.2
Armour         | 2 3 5 6 7 8 9 |  9.5
Fighting       | 4 5 6 7 |  7.3
Throwing       | 1 2 4 6 7 9 |  9.8
Stealth        | 1 |  1.0
Maces & Flails | 5 8 |  8.8
Slings         | 1 2 |  2.0
Axes           | 3 4 |  4.7

Action                   |  1- 3 |  4- 6 |  7- 9 | 10-12 | 13-15 || total
-------------------------+-------+-------+-------+-------+-------++-------
Melee: Unarmed           |    66 |   101 |   286 |    66 |    91 ||   610
       Punch             |       |     1 |    12 |     2 |     7 ||    22
       Dire flail        |       |       |       |   293 |       ||   293
       Halberd           |       |       |       |    18 |       ||    18
       Battleaxe         |       |       |       |    43 |       ||    43
       Flail             |       |       |       |    20 |       ||    20
 Fire: Fustibalus        |       |       |       |    30 |       ||    30
Throw: Tomahawk          |       |       |     7 |   131 |    24 ||   162
       Javelin           |       |       |       |    44 |    11 ||    55
       Stone             |       |       |       |       |     5 ||     5
Invok: Berserk           |       |     4 |     8 |    21 |     6 ||    39
       Burn Spellbooks   |       |       |     1 |     1 |     1 ||     3
       Trog's Hand       |       |       |       |     1 |       ||     1
       Brothers in Arms  |       |       |       |     1 |       ||     1
Evoke: Wand              |       |       |       |    20 |       ||    20
       Fan of gales      |       |       |       |     1 |       ||     1
  Use: Potion            |       |       |     1 |     2 |     2 ||     5
       Scroll            |       |       |       |     8 |     1 ||     9
 Stab: Sleeping          |       |       |    11 |     1 |       ||    12
       Distracted        |       |       |     1 |       |       ||     1
       Invisible         |       |       |       |     2 |       ||     2
  Eat: Chunk             |       |     2 |     8 |    18 |     3 ||    31
       Meat ration       |       |     1 |     2 |       |     2 ||     5
       Bread ration      |       |       |     1 |     8 |       ||     9
       Royal jelly       |       |       |     1 |       |       ||     1
       Fruit             |       |       |       |     7 |       ||     7
Armor: Animal skin       |     6 |       |       |       |       ||     6
       Ring mail         |    12 |    23 |    77 |    64 |       ||   176
       Chain mail        |       |       |     9 |       |       ||     9
       Scale mail        |       |       |       |   169 |    29 ||   198
Dodge: Dodged            |    42 |    60 |   145 |   334 |    41 ||   622
Block: Other             |       |       |       |     7 |     9 ||    16
       Reflection        |       |       |       |       |     1 ||     1
